 Dungeon Crawl Stone Soup version 0.29.1-1-gd02db6906a (webtiles) character file.

Game seed: 139632773031418087

49 falcothegreat the Cutter (level 4, 0/29 HPs)
             Began as a Kobold Monk on Sept 25, 2022.
             Slain by an orc priest
             ... wielding a +0 flail
              (8 damage)
             ... on level 3 of the Dungeon.
             The game lasted 00:11:17 (1458 turns).

falcothegreat the Cutter (Kobold Monk)              Turns: 1458, Time: 00:11:18

Health: 0/29       AC:  6    Str: 10    XL:     4   Next: 2%
Magic:  4/4        EV: 12    Int: 11    God:
Gold:   145        SH:  0    Dex: 17    Spells: 3/3 levels left

rFire   . . .      SeeInvis .   a - +0 short sword
rCold   . . .      Faith    .   (no shield)
rNeg    . . .      Spirit   .   e - +0 scale mail
rPois   .          Reflect  .   (no helmet)
rElec   .          Harm     .   (no cloak)
rCorr   .          Rampage  .   (no gloves)
Will    .....                   (no boots)
Stlth   ++........              (no amulet)
HPRegen 0.09/turn               (no ring)
MPRegen 0.09/turn               (no ring)

@: no status effects
A: small, no large weapons, nightstalker 3
a: no special abilities


You were on level 3 of the Dungeon.
You visited 1 branch of the dungeon, and saw 3 of its levels.

You collected 145 gold pieces.

Inventory:

Hand Weapons
 a - a +0 short sword (weapon)
Armour
 b - a +0 robe
 e - a +0 scale mail (worn)
Magical Staves
 f - a staff of air
Jewellery
 d - a ring of fire
 l - a ring of ice
Wands
 q - a wand of roots (7)
Scrolls
 j - a scroll of teleportation
 m - a scroll of blinking {unknown}
 n - 2 scrolls of vulnerability {unknown}
 p - a scroll of silence {unknown}
Potions
 c - a potion of ambrosia
 g - 2 potions of curing {unknown}
 h - a potion of resistance {unknown}
 k - a potion of attraction {unknown}
 o - a potion of mutation {unknown}
 r - a potion of degeneration {unknown}


   Skills:
 + Level 4.1 Fighting
 + Level 4.5 Short Blades
 + Level 4.1 Dodging
 + Level 3.3 Stealth


You had 3 spell levels left.
You didn't know any spells.
Your spell library contained the following spells:

 Spells                   Type           Power      Damage    Failure   Level
 Leda's Liquefaction      Hex/Erth       0%         N/A       100%        4
 Lee's Rapid Deconstruct  Erth           0%         3d5*      100%        5
 Statue Form              Tmut/Erth      0%         N/A       100%        6


Dungeon Overview and Level Annotations

Branches:
Dungeon (3/15)

Altars:


Innate Abilities, Weirdness & Mutations

You are small and have problems with some larger weapons.
You are completely attuned to the shadows.


Message History

You hit the orc.
The orc is heavily wounded.
You barely miss the orc.
The orc is heavily wounded.
The orc hits you but does no damage.
You barely miss the orc.
The orc is heavily wounded.
The orc barely misses you.
You hit the orc.
You kill the orc!
You have reached level 4!
You hit the orc priest but do no damage.
The orc priest completely misses you.
You hit the orc priest.
The orc priest is lightly wounded.
The orc priest hits you with a +0 flail.
You hit the orc priest but do no damage.
The orc priest is lightly wounded.
The orc priest hits you with a +0 flail.
You hit the orc priest.
The orc priest is moderately wounded.
The orc priest mumbles some strange prayers to Beogh against you.
You barely resist.
You hit the orc priest but do no damage.
The orc priest is moderately wounded.
You closely miss the orc priest.
The orc priest is moderately wounded.
The orc priest closely misses you.
You barely miss the orc priest.
The orc priest is moderately wounded.
The orc priest hits you with a +0 flail.
You hit the orc priest.
The orc priest is heavily wounded.
The orc priest hits you with a +0 flail!
* * * LOW HITPOINT WARNING * * *
You are too injured to fight recklessly!
You barely miss the orc priest.
The orc priest is heavily wounded.
The orc priest hits you with a +0 flail!
You die...

#.# #. ###.# #.
#...# #. #.###
#.# #.# #.# #.#
#.# #.# #@# #.#
#o#########.###
#..).o.).(....#
###########.....
###(## .o. ##


You could see an orc priest.

Vanquished Creatures
  A gnoll (D:1)
  3 orcs (D:3)
  A ball python (D:1)
  4 bats
  3 endoplasms
  A giant cockroach (D:1)
  5 hobgoblins
  4 kobolds
  2 quokkas
  2 frilled lizards
  2 goblins (D:1)
  7 rats
35 creatures vanquished.

Notes
Turn   | Place    | Note
-------+----------+-------------------------------------------
     0 | D:1      | falcothegreat the Kobold Monk began the quest for the Orb.
     0 | D:1      | Reached XP level 1. HP: 14/14 MP: 1/1
   192 | D:1      | Reached XP level 2. HP: 19/19 MP: 2/2
   271 | D:1      | Found a faded altar of an unknown god.
   378 | D:1      | Reached XP level 3. HP: 11/24 MP: 3/3
  1450 | D:3      | Reached XP level 4. HP: 22/29 MP: 4/4
  1458 | D:3      | Slain by an orc priest

Illustrated notes

Levels and vault maps discovered:
D:1:      lightli_arrival_chessboard, layout_rooms,
          hellmonk_ecumenical_altar_pennies_from_heaven
D:2:      layout_rooms
D:3:      layout_loops_ring, kennysheep_flooded_box, st_stairs_6

Skill      XL: |  1  2  3 |
---------------+----------+-----
Dodging        | 4 |  4.1
Stealth        | 3 |  3.3
Fighting       | 4 |  4.1
Short Blades   | |  4.5

Action                   |  1- 3 |  4- 6 || total
-------------------------+-------+-------++-------
Melee: Short sword       |   113 |     9 ||   122
Throw: Dart              |     5 |       ||     5
  Use: Scroll            |     1 |       ||     1
 Stab: Sleeping          |     8 |       ||     8
Armor: Robe              |     1 |       ||     1
       Scale mail        |    19 |       ||    19
Dodge: Dodged            |    60 |     2 ||    62
